← All builds
Tech / Armada / Economy first / OBSERVED BUILD

Rattlesnake defence

Armada Tech (Eco) build order · Supreme Isthmus

The Tech player fields early Rattlesnake pop-up artillery from around 8:39 to hold and push the middle, well ahead of the norm, before transitioning to typical Citadel/Umbrella defence.

Usually first T2 con to Geo (77%)

#artillery #defence #t2 · 30 distinct matches · 17 players · 2% of Armada Tech games · team won 53% of 30 · Recently observed

THE CATCH, AND WHAT COMES WITH IT
  • RattlesnakeEarly defence from 8:39 · 2% of role by thenOnly 2% of Tech games have it by then; others who build it get it around 11:07

Where those units first fight, in 18 games with kill data: in the middle 100%.

Those units destroy a typical 113 metal of enemy units by 15:00.

HOW TO PLAY IT

Key timing: Rattlesnake by 8:52

  1. Open mex and wind as standard tech eco rush.
  2. Build bot lab quickly to keep pace with normal tech timeline.
  3. Finish Advanced Bot Lab on the usual fast tech schedule.
  4. Start Rattlesnake pop-up defence far earlier than tech norm.
  5. Layer anti-nuke and Basilica as the defensive line matures.

Phase by phase

TYPICAL OF ITS 30 GAMES · AGAINST STANDARD TECH
  1. 1
  2. 2
  3. 3
  4. 4
  5. 5
PLAY THE OPENING

Follow the example game's first 9:39 step by step: what to build now, what comes next, and where it goes. At 1× it keeps pace with your own game.

  1. 1

    Up to the Bot Lab

    Economy
    • Metal Extractor3Mex
    • Wind Turbine4Wind
    Order
    1. Bot LabBot Lab after 3 mex, 4 winddone ~1:16, middle half 1:09–1:24

    By 0:59 in all: 3 mex · 4 wind

    The example game in this phase · 3 steps
    1. Mex ×3
    2. Wind ×4
    3. Bot LabBot Labdone 1:15 · typical 1:16
  2. 2

    Bot Lab to Advanced Bot Lab

    Economy
    • Metal Extractor1Mex
    • Wind Turbine9Wind
    • Energy Storage1Energy storage
    Order
    1. Advanced Bot LabAdvanced Bot Lab after 4 mex, 12 wind, 3 con turretdone ~4:21, middle half 4:07–4:33
    Builders
    • Construction Turret3 Con turret
    • Lazarus2 Lazarus
    • Construction Bot2 Con bot
    • Construction Bot1 Con bot for allies

    Some games also: converter (47%)

    By 3:23 in all: 4 mex · 12 wind · 1 energy storage · 3 con turret

    The example game in this phase · 20 steps
    1. LazarusLazarus
    2. Wind
    3. LazarusLazarus
    4. Wind ×2
    5. Construction BotCon bot
    6. Wind ×3
    7. Construction BotCon bot
    8. Con turretfor Pond
    9. Mex
    10. Energy storage
    11. Con turret
    12. Energy storage
    13. Wind ×4
    14. Converter
    15. Wind ×5
    16. Converter
    17. Con turret
    18. Wind ×2
    19. Converter
    20. Advanced Bot LabAdvanced Bot Labdone 4:20 · typical 4:21
  3. 3

    Advanced Bot Lab to 5:00

    Economy
    • Wind Turbine3Wind
    Builders
    • Advanced Construction Bot1 T2 con bot for allies

    Some games also: converter (37%)

    By 5:00 in all: 4 mex · 17 wind · 2 converter · 1 energy storage · 3 con turret

    The example game in this phase · 4 steps
    1. Converter ×2
    2. Advanced Construction BotT2 con botfor Geo
    3. Advanced Metal ExtractorT2 mexdone 4:53 · typical 5:16
    4. Advanced Construction BotT2 con botfor Air
  4. 4

    5:00 to Early defence

    Economy
    • Wind Turbine17Wind
    • Energy Converter3Converter+3 vs standard
    Order
    1. RattlesnakeEarly defence after 4 mex, 36 wind, 6 converterdone ~11:10, middle half 9:51–11:57
    Builders
    • Butler4 Butler
    • Advanced Construction Bot2 T2 con bot for allies
    • Advanced Construction Bot1 T2 con bot

    Some games also: Butler for allies (37%) · con turret (30%)

    By 8:34 in all: 4 mex · 36 wind · 6 converter (standard 4) · 1 energy storage · 3 con turret

    The example game in this phase · 25 steps
    1. Converter
    2. Advanced Metal ExtractorT2 mex ×2
    3. SprinterSprinter ×3
    4. Advanced Construction BotT2 con botfor Geo sea
    5. Wind
    6. ButlerButler
    7. Wind
    8. Advanced Metal ExtractorT2 mex
    9. ButlerButler
    10. Wind
    11. Advanced Construction BotT2 con botfor Pond
    12. Wind ×2
    13. ButlerButler
    14. NettleNettle
    15. Wind
    16. ButlerButler
    17. Wind ×4
    18. ButlerButler
    19. Wind ×3
    20. ButlerButler
    21. Con turret
    22. Wind ×2
    23. ButlerButler
    24. Wind
    25. RattlesnakeRattlesnakedone 11:24 · typical 11:10
  5. 5

    Early defence to 15:00

    Economy
    • Wind Turbine133Wind
    • Energy Converter34Converter
    • Metal Storage1Metal storage
    Order
    1. Fusion ReactorFusion after 134 wind, 20 converter, 9 con turretin 50% of games
    Builders
    • Construction Turret7 Con turret
    • Butler3 Butler −3 vs standard
    • Advanced Construction Bot1 T2 con bot

    Some games also: fusion (50%) · T2 con bot for allies (47%) · Rattlesnake (37%) · T2 converter (33%) · anti-nuke (30%)

    By 15:00 in all: 4 mex · 196 wind · 43 converter · 1 energy storage · 1 metal storage · 10 con turret

    The example game in this phase · 175 steps
    1. Wind ×2
    2. ButlerButler
    3. Wind ×8
    4. ButlerButler
    5. Wind ×5
    6. Converter
    7. Wind ×6
    8. Converter
    9. Wind ×3
    10. ButlerButler
    11. Wind ×2
    12. Converter
    13. Wind ×3
    14. Advanced Construction BotT2 con bot
    15. Wind ×4
    16. Converter
    17. Wind ×4
    18. Converter
    19. Wind ×5
    20. Advanced Construction BotT2 con bot
    21. Wind ×2
    22. Converter
    23. Wind ×7
    24. UmbrellaAnti-nukenot finished by 15:00
    25. Converter
    26. Wind ×4
    27. Converter
    28. Wind ×2
    29. Converter
    30. Con turret
    31. Converter
    32. Wind ×3
    33. Con turret
    34. Converter ×2
    35. Wind
    36. Fusion ReactorFusiondone 11:45
    37. Wind ×2
    38. Converter ×2
    39. Wind ×4
    40. Converter ×2
    41. Wind ×2
    42. Metal storage
    43. Wind ×3
    44. Converter ×2
    45. Wind ×3
    46. Converter
    47. Wind ×3
    48. Converter
    49. Wind ×3
    50. Converter
    51. Wind
    52. Converter ×2
    53. Wind ×3
    54. Converter ×2
    55. Wind ×5
    56. Converter ×2
    57. Wind ×4
    58. Fusion ReactorFusion
    59. Con turret
    60. Wind
    61. Converter ×2
    62. Wind ×2
    63. Con turret
    64. Wind
    65. Converter
    66. Con turret
    67. Wind
    68. Converter ×2
    69. Wind ×5
    70. Converter ×2
    71. Wind ×4
    72. Converter
    73. Wind
    74. Converter
    75. Wind ×3
    76. Converter
    77. Wind
    78. Converter
    79. Wind
    80. Converter
    81. Wind ×2
    82. Converter
    83. Wind ×2
    84. Converter
    85. Wind
    86. Converter
    87. Con turret
    88. Wind ×3
    89. Converter ×2
    90. Wind
    91. Converter
    92. Wind ×2
    93. Converter
    94. Wind
    95. Con turret
    96. Wind ×2
    97. Converter ×2
    98. Wind ×2
    99. Converter
    100. Wind
    101. Converter
    102. Con turret
    103. Wind
    104. Con turret
    105. Converter
    106. Wind ×2
    107. Converter
    108. Wind
    109. Converter
    110. Wind
    111. Converter
    112. Wind
    113. Converter
    114. Wind
    115. Converter ×2
    116. Wind
    117. Converter
    118. Advanced Fusion ReactorAdvanced Fusion Reactornot finished by 15:00
    119. Wind ×3
    120. Converter ×2
    121. Wind ×3
    122. Converter
    123. Wind ×2
    124. Converter
    125. Con turret
    126. Wind
    127. Converter
    128. Wind ×2
    129. Con turret
    130. Wind
    131. Con turret
    132. Converter
    133. Wind
    134. Converter
    135. Con turret
    136. Wind
    137. Con turret
    138. Wind ×2
    139. Converter
    140. Wind
    141. Converter
    142. Wind ×4
    143. Converter
    144. Wind ×2
    145. Converter
    146. Con turret
    147. Wind
    148. Converter
    149. Wind ×3
    150. Converter
    151. Wind
    152. Converter
    153. Wind ×2
    154. Con turret
    155. Wind ×2
    156. Converter ×2
    157. Wind ×2
    158. Con turret
    159. Wind ×2
    160. Converter
    161. Wind
    162. Con turret
    163. Wind
    164. Converter ×2
    165. Wind
    166. Con turret
    167. Wind ×2
    168. Converter
    169. Con turret
    170. Wind
    171. Converter
    172. Con turret
    173. Wind ×2
    174. Converter
    175. Con turret

Counts are medians over the build's games: half of them build more, half fewer. The example game is I_pawngame_u's (39 OS, 28/09/2026); pick another.

Team trades

IN AT LEAST 30% OF ITS GAMES

You hand over

  • Construction Bot1 Con bot to Airfirst at 2:24 · in 77% of games
  • Advanced Construction Bot5 T2 con bot to Air or Geo sea or Pondfirst at 5:00 · in 100% of games
  • Butler3 Butler to Beach sea or Geo sea or Geofirst at 8:05 · in 47% of games

You get

  • Hercules1–2 Light transport from Airfirst at 4:07 · in 80% of games

How it plays out

Typical game of this build against the role’s standard build, running totals by minute

  • This build
  • Standard tech

Metal produced

020k40k
0:005:0010:0015:00

metal

Enemy metal destroyed

05001k1.5k
0:005:0010:0015:00

metal

Own metal lost

0100200300
0:005:0010:0015:00

metal

30 games.

Show as table
ByMetal produced: This buildMetal produced: Standard techEnemy metal destroyed: This buildEnemy metal destroyed: Standard techOwn metal lost: This buildOwn metal lost: Standard tech
1:003833830000
2:009169150000
3:00159416430000
4:00315631510000
5:00498048660000
6:00600658080000
7:00752672300000
8:00933790700000
9:0011778112490000
10:0014251135760000
11:00170711641247000
12:002018119973153000
13:002435823775575000
14:0028130275495858899106
15:0033395316161053323160206
WHAT THE NUMBERS SAY

Team won less often than the standard build despite slightly higher enemy metal destroyed and lower own losses by 15:00.

  • + Enemy metal destroyed by 15:00 above standard (1055 vs 400).
  • + Own metal lost by 15:00 slightly below standard (225 vs 260).
  • − Team win rate below standard (43% vs 53%).
  • − Delays combat entirely: first kill and first loss both far later than tech norm (10:06/10:21).
THE EXAMPLE YOU ARE READING

I_pawngame_u

38.7 OS · 28/09/2026

Open source match ↗

3 received units
1379 metal received · 89518 energy received

Allied construction assistance is unknown. Timings are observations, not a promise of solo reproducibility.

Typical milestones

Bot Lab1:16Middle 50%: 1:09–1:24 · n=30
Advanced Bot Lab4:21Middle 50%: 4:07–4:33 · n=30
Advanced Metal Extractor5:16Middle 50%: 4:59–5:39 · n=30
Rattlesnake11:10Middle 50%: 9:51–11:57 · n=27

Played most by

GeeGee6games of this build[NWP]13474games of this buildRogShotz3games of this buildAmrissa2games of this buildDamsko2games of this build